 Dungeon Crawl Stone Soup version 0.31-a0-233-g139696dc86 (webtiles) character file.

Game seed: 14982232954878634153

98 qw the Shooter (level 4, 0/36 HPs)
             Began as a Minotaur Hexslinger on July 8, 2023.
             Slain by an orc wizard
             ... wielding a +0 dagger
              (1 damage)
             ... on level 3 of the Dungeon.
             The game lasted 00:00:37 (1493 turns).

qw the Shooter (Minotaur Hexslinger)                Turns: 1493, Time: 00:00:38

Health: 0/36       AC:  5    Str: 12    XL:     4   Next: 44%
Magic:  4/4        EV: 12    Int: 10    God:
Gold:   80         SH:  0    Dex: 15    Spells: 4/5 levels left

rFire   . . .        Y - +1 sling
rCold   . . .        (no shield)
rNeg    . . .        c - +0 robe
rPois   .            d - +1 hat
rElec   .            a - +0 cloak
rCorr   .            (no gloves)
SInv    .            g - +0 pair of boots
Will    .....        (no amulet)
Stlth   +            (no ring)
HPRegen 0.26/turn    (no ring)
MPRegen 0.09/turn

%: no passive effects
@: no status effects
A: horns 2, retaliatory headbutt
a: no special abilities


You were on level 3 of the Dungeon.
You visited 1 branch of the dungeon, and saw 3 of its levels.

You collected 80 gold pieces.


Innate Abilities, Weirdness & Mutations

You have a pair of horns on your head.
You reflexively headbutt those who attack you in melee.


   Skills:
 + Level 2.0 Fighting
 - Level 5.0 Ranged Weapons
 - Level 2.1 Dodging
 - Level 1.0 Spellcasting
 - Level 2.0 Hexes


You had 4 spell levels left.
You knew the following spells:

 Your Spells              Type           Power      Damage    Failure   Level
a - Slow                  Hex            16%        N/A       16%         1

Your spell library contained the following spells:

 Spells                   Type           Power      Damage    Failure   Level
 Inner Flame              Hex/Fire       2%         N/A       56%         3
 Portal Projectile        Hex/Tloc       4%         N/A       56%         3
 Cause Fear               Hex            2%         N/A       83%         4

Inventory:

Hand Weapons
 Y - a +1 sling (weapon)
Armour
 a - a +0 cloak (worn)
 c - a +0 robe (worn)
 d - a +1 hat (worn)
 g - a +0 pair of boots (worn)
Scrolls
 h - a scroll of butterflies {unknown}
Potions
 b - a potion of enlightenment {unknown}
 e - a potion of degeneration {unknown}
 f - a potion of curing {unknown}
 i - a potion of lignification {unknown}

Dungeon Overview and Level Annotations

Branches:
Dungeon (3/15)

Altars:


Message History

You shoot a sling bullet.
The sling bullet barely misses the gnoll.
Something hits you. The gnoll hits you with a +0 whip.
You shoot a sling bullet.
The sling bullet closely misses the gnoll.
Something hits you. The gnoll hits you with a +0 whip!
You shoot a sling bullet. The sling bullet hits the gnoll.
The gnoll is heavily wounded.
Something hits you. The gnoll hits you but does no damage.
You shoot a sling bullet. The sling bullet hits the gnoll.
The gnoll is heavily wounded.
Something hits you. The gnoll barely misses you. You furiously retaliate!
You headbutt the gnoll. You shoot a sling bullet.
The sling bullet closely misses the gnoll.
You hear some strange, mumbled words.
Something tries to affect you, but you resist.
The gnoll misses you. The gnoll completely misses you. You furiously retaliate!
You headbutt the gnoll!
You kill the gnoll!
Something hits you.
Your Ranged Weapons skill increases to level 5!
1482 ||| FLEEEEING.
1483 ||| FLEEEEING.
Something hits you.
1484 ||| FLEEEEING.
Something hits you but does no damage.
1485 ||| FLEEEEING.
Something hits you but does no damage.
1486 ||| FLEEEEING.
Something hits you but does no damage.
You hear some strange, mumbled words.
You are confused.
Something hits you but does no damage. Something hits you.
You feel less confused. The orc hits you with a +0 mace.
Something hits you but does no damage.
You shoot a sling bullet. The sling bullet hits the orc.
The orc is almost dead.
Something barely misses you. The orc hits you with a +0 mace.
You shoot a sling bullet. The sling bullet hits the orc!
You kill the orc!
Something hits you.
You die...

#...
.######..#
....o.)..#
######.#
#....#.#
#.##.#.####
#.#...o...#
#.####)##.##
#.#.....{@...#
#.#########.##
#.# #.# #.#
#.#
#.#########.#
#.##........#
#.##.########
#.##.#######
#.........<#


You could see an orc.

Vanquished Creatures
  2 gnolls (D:3)
  An adder (D:2)
  A worm (D:2)
  2 dart slugs (D:1)
  3 orcs (D:3)
  11 bats
  4 endoplasms
  3 giant cockroaches
  4 goblins (D:2)
  2 hobgoblins (D:1)
  6 jackals (D:1)
  2 kobolds (D:1)
  3 quokkas
  6 ball pythons
  A frilled lizard (D:1)
  4 rats
55 creatures vanquished.

Notes
Turn   | Place    | Note
-------+----------+-------------------------------------------
     0 | D:1      | qw the Minotaur Hexslinger began the quest for the Orb.
     0 | D:1      | Reached XP level 1. HP: 16/16 MP: 1/1
     0 | D:1      | 0 ||| qw: Version: 0.3-a-46-gb1f654a
     0 | D:1      | 0 ||| qw: Game counter: 3575
     0 | D:1      | 0 ||| qw: Melee chars always use a shield: true
     0 | D:1      | 0 ||| qw: God list: Okawaru
     0 | D:1      | 0 ||| qw: Allow faded altars: false
     0 | D:1      | 0 ||| qw: Do Orc after clearing Dungeon:15 true
     0 | D:1      | 0 ||| qw: Do second Lair branch before Depths: true
     0 | D:1      | 0 ||| qw: Lair rune preference: random
     0 | D:1      | 0 ||| qw: Goals: Normal
     0 | D:1      | 0 ||| PLANNING D:1-11
   253 | D:1      | Reached skill level 3 in Ranged Weapons
   262 | D:1      | Reached XP level 2. HP: 15/23 MP: 2/2
   641 | D:1      | Reached XP level 3. HP: 29/29 MP: 3/3
   905 | D:1      | 905 ||| READING 2 scrolls labelled CEJEINNIHU.
   906 | D:1      | 906 ||| READING scroll labelled UTUCKO FAITA.
   907 | D:1      | 907 ||| READING scroll labelled IPITURR KAMMI.
   908 | D:1      | 908 ||| READING scroll labelled LOSSAA SIOCE.
   909 | D:1      | 909 ||| READING scroll labelled ZULINE UFANTUESEES.
   910 | D:1      | 910 ||| DROPPING scroll of immolation.
   911 | D:1      | 911 ||| DROPPING scroll of poison.
   961 | D:2      | Reached skill level 4 in Ranged Weapons
  1121 | D:2      | Reached XP level 4. HP: 36/36 MP: 4/4
  1372 | D:2      | 1372 ||| UPGRADING to +0 cloak.
  1377 | D:2      | 1377 ||| UPGRADING to +1 hat.
  1382 | D:2      | 1382 ||| UPGRADING to +0 pair of boots.
  1482 | D:3      | Reached skill level 5 in Ranged Weapons
  1482 | D:3      | 1482 ||| FLEEEEING.
  1483 | D:3      | 1483 ||| FLEEEEING.
  1484 | D:3      | 1484 ||| FLEEEEING.
  1485 | D:3      | 1485 ||| FLEEEEING.
  1486 | D:3      | 1486 ||| FLEEEEING.
  1489 | D:3      | HP: 9/36 [something (4)]
  1492 | D:3      | HP: 1/36 [orc/+0 mace (6)]
  1493 | D:3      | Slain by an orc wizard

Levels and vault maps discovered:
D:1:      roderic_dead_forest, layout_basic
D:2:      layout_rooms, minmay_close_crescents, uniq_crazy_yiuf_cottage
D:3:      layout_basic, nicolae_yredelemnul_corpse_copse, elyvilon_altar_4

Skill      XL: |  1  2  3  4 |
---------------+-------------+-----
Ranged Weapons | 3 4 5 |  5.0
Fighting       | 2 |  2.0
Dodging        | |  2.1
Spellcasting   | |  1.0
Hexes          | |  2.0

Action                     |  1- 3 |  4- 6 || total
---------------------------+-------+-------++-------
   Fire: Sling             |   114 |    35 ||   149
    Use: Scroll            |     5 |       ||     5
 Armour: Robe              |     7 |    15 ||    22
  Dodge: Dodged            |    28 |    13 ||    41

Table legend:
 A = Non-vault XP
 B = Vault XP
 C = Vault XP percentage of total XP
 D = Non-vault monster count
 E = Vault monster count
 F = Vault count percentage of total count
                 A         B        C        D         E       F
            +---------+---------+-------+---------+---------+-------
      Total |     129 |      15 |  10.4 |      49 |       6 |  10.9
            +---------+---------+-------+---------+---------+-------
        D:1 |      50 |       0 |   0.0 |      27 |       0 |   0.0
        D:2 |      40 |      15 |  27.3 |      17 |       6 |  26.1
        D:3 |      39 |       0 |   0.0 |       5 |       0 |   0.0
            +---------+---------+-------+---------+---------+-------
